[Event "Titled Tuesday Blitz November 07 Late 2023"]
[White "Hasangatin, Ramil"]
[Black "Santos Flores, Alberto"]
[WhiteFideId "4122160"]
[BlackFideId "3601234"]
[WhiteElo "2699"]
[BlackElo "2532"]
[Result "0-1"]
[Round "6"]
[TimeControl "180+1"]
[Date "2023.11.07"]
[WhiteClock "0:00:00"]
[BlackClock "0:00:14"]
[Board "46"]

1. e4 e6 2. d3 d5 3. Qe2 dxe4 4. dxe4 e5 5. Nf3 Nc6 6. c3 a5 7. Qc2 Bc5 8. Bb5 Qe7 9. Bxc6+ bxc6 10. O-O Nf6 11. Bg5 h6 12. Bh4 g5 13. Bg3 Bd6 14. Nbd2 h5 15. h4 gxh4 16. Nxh4 Rg8 17. Nc4 Ba6 18. Nf5 Qe6 19. Ncxd6+ cxd6 20. Rfd1 Rd8 21. Bh4 Rd7 22. Qa4 Be2 23. Rd2 Bf3 24. Ng3 Rg4 25. gxf3 Rxh4 26. Nf5 Nxe4 27. fxe4 Qxf5 28. exf5 Rxa4 29. b3 Rf4 30. a4 Rxf5 31. b4 d5 32. b5 c5 33. Rad1 d4 34. c4 Rf3 35. Rb2 Rb7 36. b6 Kd7 37. Rb5 Kc6 38. Rdb1 Rc3 39. Rxa5 Rxc4 40. Ra6 e4 41. a5 Ra4 42. Ra8 d3 43. Rc8+ Kd7 44. Rxc5 Rd4 45. Kf1 Kd6 46. Rc8 Ra4 47. Ra8 Kc6 48. Rc1+ Kd6 49. Rb1 Kc6 50. Rc8+ Kd7 51. Rc5 Kd6 52. Rcb5 Kc6 53. R5b4 Rxa5 54. Rxe4 Rxb6 55. Rc4+ Kb7 56. Rd1 Rd5 57. Rf4 f6 58. Rh4 Re6 59. Rb4+ Kc7 60. Rc1+ Kd7 61. Rb7+ Kd6 62. Rb6+ Ke7 63. Rb7+ Rd7 64. Rxd7+ Kxd7 65. Rd1 Rd6 66. Ke1 Ke6 67. Kd2 Kf5 68. Rh1 Kg4 69. Rg1+ Kf3 70. Rh1 Kxf2 71. Rxh5 Kf3 72. Rh3+ Ke4 73. Re3+ Kf4 74. Re1 f5 75. Rf1+ Ke4 76. Re1+ Kf3 77. Rf1+ Kg4 78. Rg1+ Kf4 79. Rf1+ Kg5 80. Rg1+ Kf6 81. Rf1 Rd4 82. Ke3 Ke5 83. Kd2 f4 84. Re1+ Kf5 85. Re8 f3 86. Rf8+ Kg4 87. Ke3 d2 88. Rg8+ Kf5 89. Kxd4 d1=Q+ 90. Ke3 Qe2+ 91. Kd4 f2 92. Rf8+ Kg6 93. Rg8+ Kf7 94. Rf8+ Kxf8 0-1


[Site "https://www.chess.com"]

[Event "Titled Tuesday Blitz November 07 Late 2023"]
[White "Tikhonov, Viacheslav"]
[Black "Koellner, Ruben Gideon"]
[WhiteFideId "44196407"]
[BlackFideId "12993093"]
[WhiteElo "2532"]
[BlackElo "2699"]
[Result "1-0"]
[Round "6"]
[TimeControl "180+1"]
[Date "2023.11.07"]
[WhiteClock "0:00:22"]
[BlackClock "0:00:16"]
[Board "47"]

1. d4 d6 2. e4 Nf6 3. Nc3 e5 4. Nf3 Nbd7 5. Bc4 Be7 6. a4 c6 7. O-O h6 8. Ba2 Qc7 9. h3 Nf8 10. Be3 g5 11. d5 Ng6 12. dxc6 bxc6 13. Nd2 g4 14. hxg4 Bxg4 15. f3 Be6 16. Bxe6 fxe6 17. Nc4 d5 18. exd5 exd5 19. Qd3 Kf7 20. f4 e4 21. Qd4 dxc4 22. Qxc4+ Kg7 23. Bd4 Qd7 24. Rad1 Qf5 25. Qxc6 Rac8 26. Qb7 Rb8 27. Qxa7 Ra8 28. Qb7 Rhb8 29. Qc7 Rc8 30. Qb7 Rab8 31. Qa7 Rxb2 32. Nd5 Qxd5 33. Bxf6+ Kxf6 34. Rxd5 Rcxc2 35. Qd4+ Kf7 36. Qxe4 Nh4 37. Qh7+ Kf8 38. Qxh6+ Kf7 39. Qh7+ Kf8 40. Rg5 Rxg2+ 41. Rxg2 Rxg2+ 42. Kh1 Rg7 43. Qh8+ Rg8 44. Qh6+ Kf7 45. Rg1 Rxg1+ 46. Kxg1 Bf6 47. Kf1 Ke6 48. a5 Nf5 49. Qh3 Bd4 50. a6 Kf6 51. Qb3 Ne3+ 52. Ke2 Kf5 53. Qxe3 Bxe3 54. Kxe3 1-0


[Site "https://www.chess.com"]

[Event "Titled Tuesday Blitz November 07 Late 2023"]
[White "Annaberdiyev, Meylis"]
[Black "Arencibia Monduy, Antonio"]
[WhiteFideId "14000563"]
[BlackFideId "3507939"]
[WhiteElo "2695"]
[BlackElo "2528"]
[Result "1-0"]
[Round "6"]
[TimeControl "180+1"]
[Date "2023.11.07"]
[WhiteClock "0:00:42"]
[BlackClock "0:00:00"]
[Board "48"]

1. e4 b6 2. d4 Bb7 3. Bd3 e6 4. Nf3 Nf6 5. Nbd2 d5 6. e5 Ne4 7. Qe2 Nxd2 8. Bxd2 Be7 9. h4 c5 10. c3 cxd4 11. cxd4 Nc6 12. a3 h6 13. h5 Rc8 14. Rh3 O-O 15. Rg3 Kh8 16. Bxh6 gxh6 17. Qe3 Bg5 18. Nxg5 hxg5 19. Rxg5 f5 20. Rg6 f4 21. Rh6+ Kg7 22. Rg6+ Kh8 23. Qh3 Rc7 24. Rh6+ Kg8 25. Qxe6+ Rcf7 26. Bh7+ 1-0


[Site "https://www.chess.com"]

[Event "Titled Tuesday Blitz November 07 Late 2023"]
[White "D`Arruda, Ricardo D."]
[Black "Priasmoro, Novendra"]
[WhiteFideId "100692"]
[BlackFideId "7105029"]
[WhiteElo "2528"]
[BlackElo "2688"]
[Result "0-1"]
[Round "6"]
[TimeControl "180+1"]
[Date "2023.11.07"]
[WhiteClock "0:00:47"]
[BlackClock "0:01:16"]
[Board "49"]

1. d4 d5 2. Nf3 Nf6 3. c4 c6 4. e3 Bf5 5. Nc3 e6 6. Bd3 Bxd3 7. Qxd3 Be7 8. O-O O-O 9. e4 dxe4 10. Nxe4 Nbd7 11. Bf4 Qb6 12. b3 Rfd8 13. Rad1 a5 14. h3 a4 15. Rfe1 axb3 16. axb3 Ra3 17. Ned2 Qb4 18. Qc2 Rda8 19. Rb1 Qa5 20. Red1 Bb4 21. Rdc1 Ra2 22. Qd3 Rd8 23. Qe3 Nh5 24. Bg5 f6 25. Qxe6+ Kh8 26. Be3 g6 27. Bh6 Bxd2 28. Nxd2 Rxd2 29. Bxd2 Qxd2 30. Qe7 Qa5 31. Ra1 Qc7 32. Ra7 Ng7 33. Rxb7 Qc8 34. Qb4 c5 35. dxc5 Nxc5 36. Rb5 Nd3 37. Qc3 Nxc1 38. Qxc1 Nf5 39. Rb6 Kg7 40. Qb2 Rd1+ 41. Kh2 Qc7+ 42. g3 Qxb6 0-1


[Site "https://www.chess.com"]

[Event "Titled Tuesday Blitz November 07 Late 2023"]
[White "Nilsen, Tobias Lang"]
[Black "Leiva, Gianmarco"]
[WhiteFideId "1521624"]
[BlackFideId "3804399"]
[WhiteElo "2513"]
[BlackElo "2686"]
[Result "0-1"]
[Round "6"]
[TimeControl "180+1"]
[Date "2023.11.07"]
[WhiteClock "0:00:50"]
[BlackClock "0:00:59"]
[Board "50"]

1. e4 c5 2. Nf3 d6 3. d4 cxd4 4. Nxd4 Nf6 5. Nc3 a6 6. Rg1 e5 7. Nb3 h5 8. h3 Be6 9. g4 hxg4 10. hxg4 d5 11. g5 Nxe4 12. Nxe4 dxe4 13. Qxd8+ Kxd8 14. Bg2 Nd7 15. Bxe4 Kc7 16. Be3 a5 17. a4 Bxb3 18. cxb3 Bc5 19. Rc1 Kb6 20. Ke2 Bxe3 21. Kxe3 Nc5 22. Bd5 Rh3+ 23. f3 Rd8 24. Bc4 e4 25. Rgf1 exf3 26. Rxf3 Rxf3+ 27. Kxf3 Nxb3 28. Rc3 Nd2+ 29. Kg4 Rd4+ 30. Kh5 Nxc4 31. Rb3+ Kc6 32. Rf3 Ne5 33. Rf5 g6+ 34. Kh6 gxf5 0-1


[Site "https://www.chess.com"]

[Event "Titled Tuesday Blitz November 07 Late 2023"]
[White "Pinto, Daniel"]
[Black "Zeltsan, Joseph"]
[WhiteFideId "3303144"]
[BlackFideId "30932980"]
[WhiteElo "2513"]
[BlackElo "2685"]
[Result "0-1"]
[Round "6"]
[TimeControl "180+1"]
[Date "2023.11.07"]
[WhiteClock "0:00:00"]
[BlackClock "0:00:36"]
[Board "51"]

1. e4 c5 2. Nf3 d6 3. c3 Nf6 4. Be2 g6 5. O-O Bg7 6. Bb5+ Nbd7 7. Re1 a6 8. Bf1 b5 9. d4 O-O 10. a4 Bb7 11. e5 dxe5 12. dxe5 Ng4 13. axb5 axb5 14. Rxa8 Bxa8 15. Bxb5 Ndxe5 16. Nxe5 Bxe5 17. Qxg4 Qb8 18. Bc4 Bxh2+ 19. Kh1 Be5 20. Bh6 Rd8 21. Nd2 Bf6 22. Ne4 Bxe4 23. Qxe4 Qxb2 24. Bxf7+ Kh8 25. Bd5 Qxf2 26. Re2 Qg3 27. c4 Rb8 28. Bf4 Qh4+ 0-1


[Site "https://www.chess.com"]

[Event "Titled Tuesday Blitz November 07 Late 2023"]
[White "Papasimakopoulos, Alexandros"]
[Black "Bilan, Danila"]
[WhiteFideId "4244125"]
[BlackFideId "24161918"]
[WhiteElo "2683"]
[BlackElo "2511"]
[Result "1-0"]
[Round "6"]
[TimeControl "180+1"]
[Date "2023.11.07"]
[WhiteClock "0:01:59"]
[BlackClock "0:00:00"]
[Board "52"]

1. e4 c6 2. Nf3 d5 3. exd5 cxd5 4. d4 Nc6 5. h3 Bf5 6. c4 e6 7. Nc3 Nf6 8. Qb3 Bb4 9. c5 O-O 10. Be2 b6 11. cxb6 Qxb6 12. O-O Na5 13. Qd1 Rfc8 14. Bd2 Nc4 15. Bxc4 Rxc4 16. Na4 Qb5 17. b3 Rc2 18. Bxb4 Qxb4 19. Qe1 a5 20. Qxb4 axb4 21. Rfc1 Rac8 22. Nc5 h6 23. Rxc2 Bxc2 24. Rc1 Bf5 25. Nd3 Rb8 26. Nfe1 Ne4 27. Kf1 Nc3 28. Nxb4 Rxb4 29. Rxc3 Rxd4 30. Ke2 Rb4 31. Nd3 Rb7 32. Nc5 Ra7 33. a4 d4 34. Rc4 e5 35. b4 Kf8 36. a5 Ke7 37. a6 1-0


[Site "https://www.chess.com"]

[Event "Titled Tuesday Blitz November 07 Late 2023"]
[White "Arifarsky"]
[Black "Sreyas Payyappat"]
[BlackFideId "46674969"]
[WhiteElo "2681"]
[BlackElo "2510"]
[Result "1-0"]
[Round "6"]
[TimeControl "180+1"]
[Date "2023.11.07"]
[WhiteClock "0:00:22"]
[BlackClock "0:00:00"]
[Board "53"]

1. e4 c6 2. d4 d5 3. e5 Bf5 4. Nc3 e6 5. g4 Bg6 6. Nge2 c5 7. Be3 Nc6 8. dxc5 Nxe5 9. Nd4 Bxc5 10. Nxe6 fxe6 11. Bxc5 Ne7 12. Bb5+ N7c6 13. f4 Nd7 14. Be3 O-O 15. O-O a6 16. Bd3 d4 17. Bxg6 dxe3 18. Be4 Nf6 19. Bxc6 bxc6 20. Qe2 Qd2 21. h3 Rfd8 22. Rad1 Qxe2 23. Nxe2 Rd2 24. Rxd2 exd2 25. Rd1 Rd8 26. Kf2 Nd5 27. Rxd2 Rf8 28. Kg3 g6 29. c4 1-0


[Site "https://www.chess.com"]

[Event "Titled Tuesday Blitz November 07 Late 2023"]
[White "Kochiev, Ivan"]
[Black "Kavutskiy, Konstantin"]
[WhiteFideId "2917890"]
[BlackFideId "2026384"]
[WhiteElo "2511"]
[BlackElo "2680"]
[Result "1-0"]
[Round "6"]
[TimeControl "180+1"]
[Date "2023.11.07"]
[WhiteClock "0:00:12"]
[BlackClock "0:00:32"]
[Board "54"]

1. e4 c5 2. Nf3 Nc6 3. d4 cxd4 4. Nxd4 Nf6 5. Nc3 e5 6. Ndb5 d6 7. Bg5 a6 8. Na3 b5 9. Nd5 Be7 10. Bxf6 Bxf6 11. c3 Rb8 12. Nc2 Bg5 13. Be2 O-O 14. Nce3 Bxe3 15. Nxe3 Be6 16. O-O a5 17. Qd3 Qc7 18. Rfd1 Rfd8 19. Bg4 Ne7 20. h3 Ng6 21. Nd5 Qb7 22. a4 Bxd5 23. Qxd5 Qxd5 24. Rxd5 bxa4 25. Ra2 a3 26. Rxa3 Rxb2 27. Raxa5 Rb1+ 28. Kh2 Rc1 29. Ra6 Rxc3 30. Raxd6 Rxd6 31. Rxd6 Rc2 32. Kg1 Rc5 33. h4 h6 34. Bf5 Nf8 35. h5 Rc1+ 36. Kh2 Rc2 37. Kg3 Rc3+ 38. f3 Rc7 39. Rd8 Re7 40. Kf2 g6 41. hxg6 fxg6 42. Bxg6 Kg7 43. Bf5 Nh7 44. Rd7 Rxd7 45. Bxd7 Kf6 46. g3 Ng5 47. Bf5 Nf7 48. Ke3 Nd6 49. Bd7 Nc4+ 50. Kd3 Nd6 51. f4 Nf7 52. Bg4 Nd6 53. Bf3 Ke6 54. Kc3 h5 55. Kd3 h4 56. f5+ Nxf5 57. Bg4 hxg3 58. Bxf5+ Kf6 59. Ke3 Kg5 60. Kf3 Kh4 61. Kg2 Kg5 62. Kxg3 Kf6 63. Kg4 Ke7 64. Kg5 Kf7 65. Bh7 Ke7 66. Kf5 Kf7 67. Kxe5 Ke7 68. Kd5 Kd7 69. e5 Ke7 70. e6 Kd8 71. Ke5 Ke8 72. Kd6 Kd8 73. e7+ Ke8 74. Bg6# 1-0


[Site "https://www.chess.com"]

[Event "Titled Tuesday Blitz November 07 Late 2023"]
[White "Gubajdullin, Alexei"]
[Black "TimGrutter03"]
[WhiteFideId "4141202"]
[WhiteElo "2661"]
[BlackElo "2509"]
[Result "0-1"]
[Round "6"]
[TimeControl "180+1"]
[Date "2023.11.07"]
[WhiteClock "0:00:17"]
[BlackClock "0:00:08"]
[Board "55"]

1. d4 Nf6 2. Nf3 e6 3. Bf4 b6 4. e3 Bb7 5. Be2 Be7 6. O-O O-O 7. h3 d6 8. a4 a5 9. Nc3 Na6 10. Nd2 Nb4 11. Rc1 c5 12. Nb5 Nc6 13. Nc4 d5 14. Bc7 Qe8 15. Nxb6 Ra6 16. c4 cxd4 17. Nxd4 Nxd4 18. exd4 dxc4 19. Bxc4 Qc6 20. d5 Qxc7 21. Bxa6 Qxb6 22. Bxb7 Qxb7 23. dxe6 fxe6 24. Qe2 Qb6 25. Rfe1 Bc5 26. Qxe6+ Qxe6 27. Rxe6 Bd4 28. Rc2 Rb8 29. Ra6 Ne4 30. Rxa5 Nxf2 31. Rxf2 Rf8 32. Rd5 Bxf2+ 33. Kh2 Rb8 34. Rd2 Be1 35. Re2 Bb4 36. g4 Bc5 37. Kg3 Bd4 38. Kf4 Rxb2 39. Re4 Bc3 40. Kf5 Kf7 41. Rc4 Ba5 42. Rc5 g6+ 43. Ke4 Rb4+ 44. Kd5 Rxa4 45. Rb5 Bd8 46. Rb7+ Be7 47. h4 Rxg4 48. h5 gxh5 49. Ke5 h4 50. Kf5 Rg6 51. Rb3 Rg3 52. Rb4 h3 53. Rb2 Rg2 54. Rb3 h2 55. Rh3 Kg7 56. Ke4 Bd6 57. Kf3 Rg1 58. Rh5 h1=Q+ 59. Rxh1 Rxh1 60. Ke4 Rh6 61. Kd5 Rg6 62. Ke4 h5 63. Kf5 h4 64. Ke4 h3 65. Kf3 h2 66. Ke4 h1=Q+ 67. Kf5 Qf3# 0-1


[Site "https://www.chess.com"]

[Event "Titled Tuesday Blitz November 07 Late 2023"]
[White "Zirkelbach, Maj"]
[Black "Domingo Nunez, Ruben"]
[WhiteFideId "14613395"]
[BlackFideId "22245570"]
[WhiteElo "2494"]
[BlackElo "2656"]
[Result "1-0"]
[Round "6"]
[TimeControl "180+1"]
[Date "2023.11.07"]
[WhiteClock "0:00:13"]
[BlackClock "0:00:36"]
[Board "56"]

1. d4 g6 2. c4 Bg7 3. h4 Nf6 4. Nc3 d6 5. e4 Nbd7 6. Be2 e5 7. d5 h5 8. f3 a5 9. Nh3 Nc5 10. Nf2 Bd7 11. Bg5 Bh6 12. Qd2 Bxg5 13. Qxg5 Qe7 14. O-O-O Ng8 15. Qe3 f5 16. g3 Nf6 17. Kb1 fxe4 18. Nfxe4 Nfxe4 19. fxe4 O-O-O 20. a3 a4 21. Rdf1 Rdf8 22. Bd1 Kb8 23. Ka2 Rf6 24. Rxf6 Qxf6 25. Be2 Rf8 26. Rf1 Qe7 27. Qh6 Rxf1 28. Bxf1 Qf6 29. Be2 Bh3 30. Qh7 Bg2 31. Qg8+ Ka7 32. Nb5+ Kb6 33. Qa8 Na6 34. Qa7+ Ka5 35. Qxb7 Qd8 36. c5 dxc5 37. Nc3 1-0


[Site "https://www.chess.com"]

[Event "Titled Tuesday Blitz November 07 Late 2023"]
[White "Shuvalova, Polina"]
[Black "Ventura Bolet, Maxim"]
[WhiteFideId "24171760"]
[BlackFideId "22238824"]
[WhiteElo "2647"]
[BlackElo "2490"]
[Result "1/2-1/2"]
[Round "6"]
[TimeControl "180+1"]
[Date "2023.11.07"]
[WhiteClock "0:00:07"]
[BlackClock "0:00:04"]
[Board "57"]

1. Nf3 g6 2. d4 Bg7 3. c4 d6 4. Nc3 Nd7 5. e4 e5 6. Be3 Ngf6 7. h3 O-O 8. Be2 Nh5 9. O-O Nf4 10. Re1 Nxe2+ 11. Qxe2 c6 12. Rad1 Qe7 13. b4 h6 14. a4 Kh7 15. c5 dxc5 16. dxc5 a5 17. b5 Nxc5 18. Qc4 Ne6 19. bxc6 bxc6 20. Qxc6 Bb7 21. Qd6 Qxd6 22. Rxd6 Rfd8 23. Red1 Nd4 24. Rxd8 Rxd8 25. Kf1 Ba6+ 26. Nb5 Bxb5+ 27. axb5 Rb8 28. Bxd4 exd4 29. Rb1 d3 30. Rb3 a4 31. Rxd3 Rxb5 32. Ra3 Rb1+ 33. Ke2 Rb2+ 34. Nd2 Rb4 35. Kd3 Bb2 36. Ra2 a3 37. Nc4 Rb3+ 38. Kd2 Kg7 39. h4 Kf6 40. f4 g5 41. fxg5+ hxg5 42. h5 g4 43. Ne3 Kg5 44. h6 Kxh6 45. Nxg4+ Kg5 46. Ne3 Kf4 47. Nf5 Kxe4 48. Nd6+ Kf4 49. Nxf7 Kg3 50. Kc2 Rc3+ 51. Kd2 Rc7 52. Ng5 Kxg2 53. Ne4 Rd7+ 54. Kc2 Rc7+ 55. Kb3 Rb7+ 56. Kc2 Kf3 57. Nd2+ Ke2 58. Nc4 Rc7 59. Kb3 Kd3 60. Nxb2+ axb2 61. Kxb2 Rc2+ 62. Kb1 Rxa2 63. Kxa2 1/2-1/2


[Site "https://www.chess.com"]

[Event "Titled Tuesday Blitz November 07 Late 2023"]
[White "Oglaza, Oskar"]
[Black "Ehlvest, Jaan"]
[WhiteFideId "1194402"]
[BlackFideId "4500016"]
[WhiteElo "2489"]
[BlackElo "2640"]
[Result "1-0"]
[Round "6"]
[TimeControl "180+1"]
[Date "2023.11.07"]
[WhiteClock "0:00:17"]
[BlackClock "0:00:02"]
[Board "58"]

1. e4 c5 2. Nf3 Nc6 3. d4 cxd4 4. Nxd4 Qb6 5. Nb3 Nf6 6. Nc3 e6 7. Bf4 Bb4 8. Bd3 d5 9. exd5 Nxd5 10. Bd2 Nxc3 11. bxc3 Bd6 12. O-O h5 13. c4 Qc7 14. h3 Bd7 15. Qe2 b6 16. Bc3 Bh2+ 17. Kh1 Be5 18. Bxe5 Nxe5 19. Nd4 Rd8 20. f4 Nxd3 21. cxd3 Kf8 22. Rae1 g6 23. Nf3 Bc6 24. Qb2 Kg8 25. Qf6 Bxf3 26. Rxf3 h4 27. Re5 Qd7 28. f5 gxf5 29. Rfe3 Rh7 30. Qg5+ Rg7 31. Qxh4 Rc8 32. Rg3 Rxg3 33. Qxg3+ Kf8 34. Re3 Rc5 35. Qg5 Qd4 36. Rg3 Ke8 37. Qg8+ Ke7 38. Qb8 f4 39. Rg8 Re5 40. Qf8+ Kf6 41. Qg7+ Ke7 42. Qg5+ Kd7 43. Qd8+ Kc6 44. Qxd4 1-0


[Site "https://www.chess.com"]

[Event "Titled Tuesday Blitz November 07 Late 2023"]
[White "Kovacsy, Barnabas"]
[Black "Thomforde-Toates, Noah"]
[WhiteFideId "769290"]
[BlackFideId "30951992"]
[WhiteElo "2480"]
[BlackElo "2640"]
[Result "1-0"]
[Round "6"]
[TimeControl "180+1"]
[Date "2023.11.07"]
[WhiteClock "0:00:45"]
[BlackClock "0:00:32"]
[Board "59"]

1. e4 c5 2. Nf3 g6 3. d4 cxd4 4. Nxd4 Bg7 5. c4 Nc6 6. Be3 Nf6 7. Nc3 Ng4 8. Qxg4 Nxd4 9. Qd1 e5 10. Bd3 O-O 11. O-O d6 12. Rc1 Be6 13. b3 Qa5 14. Qd2 Rfc8 15. Rfd1 Rab8 16. Nb5 Qxd2 17. Bxd2 Nxb5 18. cxb5 Bf8 19. Be3 b6 20. Bc4 Be7 21. Kf1 Kf8 22. Ke2 Ke8 23. Bd5 Bxd5 24. exd5 Kd7 25. Rc6 Rxc6 26. bxc6+ Kc7 27. b4 a6 28. a4 f5 29. Kd3 Bf6 30. f3 Re8 31. a5 bxa5 32. bxa5 e4+ 33. fxe4 Rxe4 34. Bb6+ Kc8 35. Rb1 Re5 36. Kc4 Re4+ 37. Kd3 Re5 38. Kc4 Re2 39. Ba7 Bb2 40. Bd4 Bxd4 41. Kxd4 Rd2+ 42. Kc4 Rxg2 43. Re1 Kd8 44. Re6 Rxh2 45. Rxd6+ Kc8 46. Rf6 Rc2+ 47. Kd4 Rc1 48. Rf8+ Kc7 49. Rf7+ Kd8 50. Ke5 Ke8 51. Rxh7 Kf8 52. Kf6 Kg8 53. Rg7+ Kh8 54. Rxg6 f4 55. Rg2 f3 56. Rf2 Rc3 57. Ke7 Kg7 58. Kd7 Kf6 59. c7 Ke5 60. c8=Q Rxc8 61. Kxc8 Kxd5 62. Rxf3 1-0


[Site "https://www.chess.com"]

[Event "Titled Tuesday Blitz November 07 Late 2023"]
[White "Amburgy, Ryan"]
[Black "Mazurkiewicz, Michal"]
[WhiteFideId "30924820"]
[BlackFideId "1124943"]
[WhiteElo "2640"]
[BlackElo "2448"]
[Result "1-0"]
[Round "6"]
[TimeControl "180+1"]
[Date "2023.11.07"]
[WhiteClock "0:00:08"]
[BlackClock "0:00:05"]
[Board "60"]

1. d4 Nf6 2. c4 e5 3. dxe5 Ng4 4. Bf4 Nc6 5. Nf3 Bb4+ 6. Nbd2 Qe7 7. e3 Ncxe5 8. Nxe5 Nxe5 9. a3 Bc5 10. b4 Bd4 11. Rb1 Ng6 12. Bg3 d6 13. Bd3 O-O 14. Qc2 f5 15. O-O Be5 16. Nf3 Be6 17. Rfe1 Kh8 18. Nd4 Bxd4 19. exd4 f4 20. d5 fxg3 21. hxg3 Ne5 22. dxe6 Rf6 23. Be4 c6 24. f4 Ng4 25. Bf3 Nh6 26. b5 c5 27. b6 a6 28. Qe4 Rb8 29. Rbd1 Nf5 30. Kf2 Nd4 31. Qd5 Nxf3 32. Kxf3 Rd8 33. Re5 h6 34. g4 g5 35. f5 Kg7 36. Ree1 Rff8 37. Rh1 Rf6 38. Kg3 Kh7 39. Qe4 Kg7 40. Rd5 Kh7 41. a4 Kg7 42. a5 Rff8 43. Rh5 Rde8 44. Rd1 Qf6 45. Qf3 Rxe6 46. Rdh1 Qe5+ 47. Kh3 Ref6 48. Rd1 Qf4 49. Qxf4 gxf4 50. Rf1 R8f7 51. Rxf4 d5 52. cxd5 Rd6 53. Re4 Rfd7 54. Re6 Rxd5 55. Rg6+ Kf7 56. Rhxh6 Rd3+ 57. Kh2 Rd2 58. Rh7+ Ke8 59. Rg8# 1-0


[Site "https://www.chess.com"]

[Event "Titled Tuesday Blitz November 07 Late 2023"]
[White "Volkov, Maksim"]
[Black "Weisz, Bryan"]
[WhiteFideId "54123070"]
[BlackFideId "30934133"]
[WhiteElo "2639"]
[BlackElo "2445"]
[Result "1-0"]
[Round "6"]
[TimeControl "180+1"]
[Date "2023.11.07"]
[WhiteClock "0:01:05"]
[BlackClock "0:00:01"]
[Board "61"]

1. e4 e6 2. d4 d5 3. Nc3 Bb4 4. e5 Bf8 5. f4 b6 6. Nf3 Ne7 7. g3 Ba6 8. Ne2 c5 9. c3 Nbc6 10. h4 cxd4 11. cxd4 Rc8 12. Bd2 Nf5 13. Kf2 Bxe2 14. Bxe2 Nfxd4 15. Nxd4 Nxd4 16. Qa4+ Nc6 17. Bb5 Bc5+ 18. Kg2 Qc7 19. b4 O-O 20. bxc5 bxc5 21. Bxc6 Qxc6 22. Qxc6 Rxc6 23. Rhb1 f6 24. exf6 gxf6 25. Rb7 Rf7 26. Rab1 Ra6 27. Kh3 Rxa2 28. Bc1 d4 29. Rb8+ Rf8 30. h5 h6 31. f5 e5 32. Bxh6 Rxb8 33. Rxb8+ Kh7 34. Bc1 d3 35. Rb7+ Kh8 36. Rd7 Rc2 37. Bh6 c4 38. Bg7+ Kh7 39. Bxf6+ Kh6 40. Kg4 d2 41. Bg5# 1-0


[Site "https://www.chess.com"]

[Event "Titled Tuesday Blitz November 07 Late 2023"]
[White "Wieczorek, Oskar"]
[Black "Suspenser17"]
[WhiteFideId "1133950"]
[WhiteElo "2639"]
[BlackElo "2435"]
[Result "1-0"]
[Round "6"]
[TimeControl "180+1"]
[Date "2023.11.07"]
[WhiteClock "0:00:06"]
[BlackClock "0:00:04"]
[Board "62"]

1. e4 e5 2. Nf3 Nc6 3. Nc3 Nf6 4. h3 Bc5 5. Nxe5 Nxe5 6. d4 Bb4 7. dxe5 Nxe4 8. Qg4 Nxc3 9. Qxb4 Nd5 10. Qe4 c6 11. Bc4 Nb6 12. Bb3 O-O 13. O-O d5 14. exd6 Qxd6 15. Bf4 Qg6 16. Qxg6 hxg6 17. Bd6 Re8 18. c3 Be6 19. Bc2 Rad8 20. Bc5 Rd5 21. Be3 Nc4 22. Bc1 Re5 23. b3 Nb6 24. c4 Rd8 25. Be3 Bf5 26. Rfd1 Rxd1+ 27. Bxd1 Nc8 28. Be2 b6 29. Rd1 Re8 30. Bf3 Ne7 31. a4 c5 32. a5 Kf8 33. Rd6 Nc8 34. Rd2 Ke7 35. axb6 axb6 36. Ra2 Rd8 37. Bd5 Be6 38. Bc6 Rd3 39. Rb2 Na7 40. Be4 Rd1+ 41. Kh2 Ra1 42. b4 cxb4 43. Rxb4 Nc8 44. c5 bxc5 45. Bxc5+ Kf6 46. Rb7 Rc1 47. Rc7 Na7 48. Bd4+ Kg5 49. Rxc1 1-0


[Site "https://www.chess.com"]

[Event "Titled Tuesday Blitz November 07 Late 2023"]
[White "WindWhistler11"]
[Black "Seemann, Jakub"]
[BlackFideId "21874697"]
[WhiteElo "2434"]
[BlackElo "2638"]
[Result "0-1"]
[Round "6"]
[TimeControl "180+1"]
[Date "2023.11.07"]
[WhiteClock "0:00:05"]
[BlackClock "0:01:43"]
[Board "63"]

1. Nf3 Nf6 2. d3 g6 3. Nbd2 Bg7 4. e4 O-O 5. Be2 d6 6. O-O c5 7. Re1 Nc6 8. c3 e5 9. Nf1 d5 10. Qc2 d4 11. h3 h6 12. a3 a5 13. a4 Ne8 14. Ng3 Nd6 15. Nd2 Be6 16. Nb3 b6 17. Nd2 Rc8 18. Bf3 h5 19. c4 Bh6 20. Ndf1 Bg5 21. Bxg5 Qxg5 22. Qd2 Qxd2 23. Nxd2 Kg7 24. h4 Nb4 25. Ra3 Nc2 26. Rc1 Nxa3 27. bxa3 Bd7 28. Bd1 Rb8 29. Rb1 f6 30. Rb2 Kh6 31. Rb1 Be8 32. Rb2 f5 33. exf5 gxf5 34. Nf3 e4 35. Ne5 exd3 36. Nxd3 f4 37. Ne2 Nxc4 38. Rb3 f3 39. gxf3 Bxa4 40. Rb1 Nd2 0-1


[Site "https://www.chess.com"]

[Event "Titled Tuesday Blitz November 07 Late 2023"]
[White "Sivakumar, Shaaketh"]
[Black "Prithu Gupta"]
[WhiteFideId "30940176"]
[BlackFideId "46618546"]
[WhiteElo "2621"]
[BlackElo "2387"]
[Result "0-1"]
[Round "6"]
[TimeControl "180+1"]
[Date "2023.11.07"]
[WhiteClock "0:02:03"]
[BlackClock "0:01:57"]
[Board "65"]

1. e4 e5 2. Nf3 Nc6 3. Bc4 Nf6 4. d3 Bc5 5. O-O O-O 6. c3 d6 7. b4 Bb6 8. a4 a5 9. b5 Ne7 10. Bb3 Ng6 11. Nbd2 Be6 12. Bxe6 fxe6 13. d4 exd4 14. cxd4 d5 15. e5 Ne4 16. Qc2 Nxd2 17. Bxd2 Rxf3 18. gxf3 Bxd4 19. Rae1 Bxe5 20. Qc1 Qh4 21. f4 Nxf4 22. f3 Qg5+ 23. Kf2 Bd4+ 24. Re3 Qg2+ 25. Ke1 Bxe3 26. Qd1 Nd3# 0-1


[Site "https://www.chess.com"]

[Event "Titled Tuesday Blitz November 07 Late 2023"]
[White "ArtemDyachuk"]
[Black "Balla, Tamas-Kristof"]
[BlackFideId "1208497"]
[WhiteElo "2617"]
[BlackElo "2367"]
[Result "1-0"]
[Round "6"]
[TimeControl "180+1"]
[Date "2023.11.07"]
[WhiteClock "0:00:04"]
[BlackClock "0:00:03"]
[Board "66"]

1. e4 c5 2. Nf3 Nc6 3. Bb5 Nf6 4. Nc3 Nd4 5. e5 Nxb5 6. Nxb5 Nd5 7. O-O Nc7 8. Nc3 Ne6 9. d4 cxd4 10. Nxd4 g6 11. Nd5 Bg7 12. Bg5 Nxg5 13. Re1 Ne6 14. c4 Nxd4 15. Qxd4 O-O 16. Rad1 d6 17. Qh4 Re8 18. exd6 exd6 19. Qg3 Be6 20. Ne3 Qc7 21. Rxd6 Rad8 22. Rxe6 Qa5 23. Rxe8+ Rxe8 24. Rd1 Qxa2 25. Qc7 Qxb2 26. h3 Bd4 27. Qd7 Re4 28. Qd5 Rxe3 29. fxe3 Bxe3+ 30. Kh1 Bb6 31. Rf1 Kg7 32. Qxf7+ Kh6 33. Qxb7 Qe2 34. Rc1 Qe3 35. Rd1 Qf4 36. Qd5 Qf6 37. Qd2+ Kg7 38. Qd7+ Kh6 39. Qd6 Qh4 40. Qd2+ Kg7 41. Qc3+ Kh6 42. c5 Bc7 43. Qe3+ Bf4 44. Qf3 Qg5 45. c6 a5 46. Rd5 Qf6 47. Rxa5 Qd6 48. Ra4 Be5 49. Qe3+ Kg7 50. Re4 Qd1+ 51. Qe1 Qd6 52. Rxe5 Qxc6 53. Re7+ Kh6 54. Qh4# 1-0


[Site "https://www.chess.com"]